 Dungeon Crawl Stone Soup version 0.30-a0-782-ge64f9170bb (webtiles) character file.

Game seed: 15831963800207363428

380 Dirtsage the Chopper (level 6, -6/48 HPs)
             Began as a Demonspawn Fighter on Mar 14, 2023.
             Mangled by a yak (13 damage)
             ... on level 5 of the Dungeon.
             The game lasted 00:04:46 (2736 turns).

Dirtsage the Chopper (Demonspawn Fighter)           Turns: 2736, Time: 00:04:46

Health: -6/48      AC: 19    Str: 19    XL:     6   Next: 46%
Magic:  6/6        EV:  9    Int:  9    God:
Gold:   87         SH:  4    Dex: 12    Spells: 5/5 levels left

rFire   + . .      SeeInvis +    a - +1 war axe
rCold   . . .      Faith    .    c - +0 buckler
rNeg    . . .      Spirit   .    y - +6 scale mail of the Orb Guardian {rF+}
rPois   .          Reflect  .    n - +2 helmet
rElec   .          Harm     .    (no cloak)
rCorr   .          Rampage  .    s - +0 pair of gloves
Will    .....                    x - +0 pair of boots Stlth
                                 (no amulet)
HPRegen 0.28/turn                S - ring of see invisible
MPRegen 0.10/turn                (no ring)

@: no status effects
A: rugged brown scales 1, demonic magic 1, weakness stinger 2
a: no special abilities


You were on level 5 of the Dungeon.
You visited 1 branch of the dungeon, and saw 6 of its levels.

You collected 141 gold pieces.
You spent 54 gold pieces at shops.

Inventory:

Hand Weapons
 a - a +1 war axe (weapon)
Missiles
 o - 2 curare-tipped darts (quivered)
 B - a throwing net
Armour
 b - a +0 scale mail
 c - a +0 buckler (worn)
 n - a +2 helmet (worn)
 s - a +0 pair of gloves (worn)
 x - a +0 pair of boots (worn)
 y - the +6 scale mail of the Orb Guardian (worn) {rF+}
   (You found it on level 4 of the Dungeon)

   rF:        It protects you from fire.
Jewellery
 j - an amulet of faith
 S - a ring of see invisible (left hand)
Scrolls
 e - a scroll of enchant armour
 f - 2 scrolls of magic mapping {unknown}
 h - a scroll of enchant weapon
 i - a scroll of poison {unknown}
 k - 9 scrolls of identify {unknown}
 q - a scroll of fear {unknown}
 r - a scroll of torment {unknown}
 t - a scroll of teleportation
 v - a scroll of amnesia {unknown}
 w - a scroll of immolation {unknown}
 A - a scroll of fog {unknown}
Potions
 d - a potion of might
 g - a potion of haste {unknown}
 l - 3 potions of heal wounds {unknown}
 m - 2 potions of lignification {unknown}
 p - a potion of ambrosia {unknown}
 u - 2 potions of mutation {unknown}
 z - a potion of brilliance {unknown}


   Skills:
 - Level 3.0 Fighting
 + Level 6.3 Axes
 - Level 2.6 Armour
 - Level 2.6 Shields


You had 5 spell levels left.
You didn't know any spells.
Your spell library contained the following spells:

 Spells                   Type           Power      Damage    Failure   Level
 Call Canine Familiar     Summ           0%         N/A       99%         3
 Portal Projectile        Hex/Tloc       0%         N/A       99%         3
 Leda's Liquefaction      Hex/Erth       0%         N/A       100%        4


Dungeon Overview and Level Annotations

Branches:
Dungeon (6/15)
 Temple: D:4-7

Altars:

Shops:
D:3 ![


Innate Abilities, Weirdness & Mutations

You are partially covered in rugged brown scales. (AC +1, +3% HP)
Spells you cast may paralyse adjacent enemies.
You have a tail ending in a sharp stinger.


Message History

The yak closely misses you.
You slash the yak! You tail-slap the yak.
The yak is moderately wounded.
You block the yak's attack.
You slash the yak!
The yak is heavily wounded.
The yak gores you!
You take 8 damage, and have 25/41 hp.
You hit the yak but do no damage. You tail-slap the yak!
The yak is almost dead.
The yak barely misses you.
You hit the yak but do no damage. You tail-slap the yak.
The yak is almost dead.
You block the yak's attack. x2
You hit the yak but do no damage.
The yak is almost dead.
The yak barely misses you.
You slash the yak!
You kill the yak!
Your Axes skill increases to level 6!
You have reached level 6!
Your demonic ancestry asserts itself...
Rugged brown scales grow over part of your body.
MP restored: 6 You slash the yak!
Your tail-slap misses the yak.
The yak is moderately wounded.
You closely miss the yak. You slash the yak!
The yak is moderately wounded.
The yak gores you. The yak gores you!
You take 12 damage, and have 15/48 hp.
MASSIVE DAMAGE!!
You barely miss the yak.
Your tail-slap misses the yak.
The yak is moderately wounded.
The yak gores you!
* * * LOW HITPOINT WARNING * * *
You take 9 damage, and have 6/48 hp.
You barely miss the yak. You tail-slap the yak.
The yak is heavily wounded.
The yak gores you!
You die...

. ############# ...
.......>..... ...$#+#
#########.#####
.......######.......#.#####
.....Y.'....'.......'.....#
.......#.####.......#.###.#
.....(.#.YY##.......#.# #.#
.......###Y##########.# #.#
##########@# #.# #.#
#........##########.# #..
#........+.......##.#####
#........#.......##......
#........#.......##'#####
#........#.............#
#........#.............#
##########.............#
#.............#


You could see 3 yaks.

Vanquished Creatures
  A yak (D:5)
  A water moccasin (D:6)
  An iguana (D:3)
  3 gnolls (D:5)
  2 adders
  3 worms
  2 dart slugs
  2 orcs
  5 ball pythons
  3 bats (D:1)
  7 endoplasms
  3 giant cockroaches
  5 goblins
  4 hobgoblins
  2 jackals (D:3)
  3 frilled lizards
  4 kobolds
  9 rats
60 creatures vanquished.

Notes
Turn   | Place    | Note
-------+----------+-------------------------------------------
     0 | D:1      | Dirtsage the Demonspawn Fighter began the quest for the
                  | Orb.
     0 | D:1      | Reached XP level 1. HP: 18/18 MP: 1/1
    83 | D:1      | Reached skill level 2 in Axes
   229 | D:1      | Gained mutation: You have a small tail. [demonic ancestry]
   229 | D:1      | Reached XP level 2. HP: 23/24 MP: 2/2
   617 | D:1      | Found a faded altar of an unknown god.
   950 | D:2      | Reached skill level 3 in Axes
  1135 | D:2      | Reached XP level 3. HP: 29/29 MP: 3/3
  1632 | D:3      | Found Ihewkiri's Armour Boutique.
  1649 | D:3      | Bought a +0 pair of gloves for 54 gold pieces
  1775 | D:3      | Reached skill level 4 in Axes
  1775 | D:3      | Gained mutation: You have a tail ending in a sharp stinger.
                  | [demonic ancestry]
  1775 | D:3      | Reached XP level 4. HP: 33/35 MP: 4/4
  1956 | D:3      | Found Qawi's Distillery.
  2369 | D:4      | Identified the +6 scale mail of the Orb Guardian {rF+}
  2382 | D:4      | You fall into a shaft and drop 2 floors!
  2385 | D:6      | Noticed a scorpion
  2385 | D:6      | Noticed an ogre
  2385 | D:6      | Noticed a sky beast
  2398 | D:6      | Noticed a water moccasin
  2412 | D:6      | Killed a water moccasin
  2413 | D:6      | Reached skill level 5 in Axes
  2413 | D:6      | Gained mutation: Spells you cast may paralyse adjacent
                  | enemies. [demonic ancestry]
  2413 | D:6      | Reached XP level 5. HP: 41/41 MP: 5/5
  2452 | D:5      | Entered Level 5 of the Dungeon
  2719 | D:5      | Noticed a yak
  2720 | D:5      | Noticed a yak
  2720 | D:5      | Noticed a yak
  2721 | D:5      | Noticed a yak
  2731 | D:5      | Killed a yak
  2732 | D:5      | Reached skill level 6 in Axes
  2732 | D:5      | Gained mutation: You are partially covered in rugged brown
                  | scales. (AC +1, +3% HP) [demonic ancestry]
  2732 | D:5      | Reached XP level 6. HP: 26/48 MP: 6/6
  2736 | D:5      | Mangled by a yak

Illustrated notes

Levels and vault maps discovered:
D:1:      minmay_arrival_floating_metal, layout_basic,
          dilly_ecumenical_altar_fadedgnrine
D:2:      layout_basic, basic_altar, minmay_misc_feat_x,
          minmay_misc_feat_nine_boxes
D:3:      layout_basic, serial_shops, shop_statue,
          nicolae_shop_temple_entry_statues_fountains
D:4:      layout_basic, kennysheep_little_box, mainiacjoe_overflow_alcove_2,
          mainiacjoe_overflow_24_doors
D:5:      layout_basic, kennysheep_mini, nicolae_zen_rock_garden
D:6:      layout_gridville, kennysheep_okawaru_gauntlet,
          kb_lookout_dungeons_type

Skill      XL: |  1  2  3  4  5 |
---------------+----------------+-----
Axes           | 2 3 4 5 6 |  6.3
Fighting       | |  3.0
Armour         | |  2.6
Shields        | |  2.6

Action                     |  1- 3 |  4- 6 || total
---------------------------+-------+-------++-------
  Melee: War axe           |   104 |    61 ||   165
         Tailslap          |     5 |     6 ||    11
    Use: Scroll            |       |     3 ||     3
 Armour: Scale mail        |    59 |    28 ||    87
  Dodge: Dodged            |    44 |    23 ||    67
  Block: Buckler           |    19 |    22 ||    41

Table legend: (Time is in decaauts)
 A = Elapsed time spent in this place.
 B = Non-inter-level travel time spent in this place.
 C = Inter-level travel time spent in this place.
 D = Time resting spent in this place.
 E = Time spent auto-exploring this place.
 F = Levels seen in this place.
 G = Mean time per level.
                   A        B        C        D        E       F      G
               +--------+--------+--------+--------+--------+-----+--------+
         Total |   2804 |   2750 |     54 |    116 |   2147 |   6 |  467.3 |
       Dungeon |   2804 |   2750 |     54 |    116 |   2147 |   6 |  467.3 |
               +--------+--------+--------+--------+--------+-----+--------+

Top non-repeatable levels by time:
     D:1: 896 daAuts
     D:2: 764 daAuts
     D:3: 572 daAuts
     D:5: 290 daAuts
     D:4: 208 daAuts
     D:6: 72 daAuts
